 Dungeon Crawl Stone Soup version 0.28-a0-529-g3bad584f25 (webtiles) character file.

Game seed: 4375909252266926856

1001 heikuro the Chopper (level 8, -19/70 HPs)
             Began as a Minotaur Fighter on Sept 24, 2021.
             Was an Initiate of the Shining One.
             Engulfed by a cloud of flame (21 damage)
             ... on level 4 of the Dungeon on Sept 25, 2021.
             The game lasted 00:06:05 (4233 turns).

heikuro the Chopper (Minotaur Fighter)              Turns: 4233, Time: 00:06:05

Health: -19/70     AC:  6    Str: 22    XL:     8   Next: 0%
Magic:  9/9        EV: 12    Int:  5    God:    the Shining One [......]
Gold:   231        SH:  4    Dex: 11    Spells: 7/7 levels left

rFire   . . .      SeeInvis .   a - +0 war axe
rCold   . . .      Faith    .   c - +0 buckler
rNeg    + . .      Spirit   .   p - +1 leather armour {rPois}
rPois   +          Reflect  .   (helmet restricted)
rElec   .          Harm     .   z - +0 cloak
rCorr   .          Rampage  .   (no gloves)
Will    .....                   (no boots)
Stlth   +.........              (no amulet)
HPRegen 0.21/turn               g - ring of positive energy
MPRegen 0.11/turn               (no ring)

@: glowing
A: horns 2, retaliatory headbutt
a: Renounce Religion


You were on level 4 of the Dungeon.
You worshipped the Shining One.
The Shining One was noncommittal.
You visited 2 branches of the dungeon, and saw 5 of its levels.

You collected 231 gold pieces.

Inventory:

Hand Weapons
 a - a +0 war axe (weapon)
Missiles
 j - 68 poisoned darts (quivered)
Armour
 c - a +0 buckler (worn)
 f - a +0 chain mail
 p - a +1 leather armour of poison resistance (worn)
 z - a +0 cloak (worn)
Jewellery
 g - a ring of positive energy (left hand)
 t - a ring of flight
 x - an amulet of regeneration
Wands
 q - a wand of iceblast (10)
Scrolls
 b - a scroll of magic mapping {unknown}
 h - 2 scrolls of enchant weapon {unknown}
 k - a scroll of fear {unknown}
 m - a scroll of blinking {unknown}
 n - 4 scrolls of identify {unknown}
 o - a scroll of vulnerability {unknown}
 r - a scroll of summoning {unknown}
 s - a scroll of teleportation {unknown}
 v - a scroll of noise {unknown}
 y - a scroll of immolation {unknown}
Potions
 d - a potion of curing {unknown}
 e - a potion of degeneration {unknown}
 i - a potion of flight {unknown}
 l - a potion of brilliance {unknown}
 u - a potion of heal wounds {unknown}
 w - a potion of lignification {unknown}
 A - a potion of resistance


   Skills:
 + Level 6.0 Fighting
 * Level 7.3 Axes
 + Level 5.9 Armour
 - Level 2.0 Dodging
 - Level 4.0 Shields
 + Level 3.3 Invocations


You had 7 spell levels left.
You didn't know any spells.
Your spell library was empty.

Dungeon Overview and Level Annotations

Branches:
Dungeon (4/15)             Temple (1/1) D:4

Altars:
Ashenzari
Dithmenos
Elyvilon
Fedhas
Hepliaklqana
Makhleb
Okawaru
Qazlal
Sif Muna
Trog
Wu Jian
Xom
Yredelemnul
The Shining One

Shops:
D:1 ?

Annotations:
D:4 1 transporter


Innate Abilities, Weirdness & Mutations

You have a pair of horns on your head.
You reflexively headbutt those who attack you in melee.


Message History

You start putting on your armour.
You continue putting on your +0 cloak.
HP restored.
You continue putting on your +0 cloak. x3
You finish putting on your +0 cloak.
You see here a giant cockroach corpse.
Found a transporter.
Found 19 arrows.
Found a transporter.
Found a potion of resistance.
There is a transporter here.
There is a transporter here.
You enter the transporter and appear at another place.
A - a potion of resistance As you open the gate, it creaks loudly!
Unknown command.
You are engulfed in blazing flames.
The fire bat bites you.
You are engulfed in flames.
The fire bat bites you but does no damage.
There is an open gate, spattered with blood here.
Unknown command.
You are engulfed in blazing flames.
* * * LOW HITPOINT WARNING * * *
The fire bat closely misses you. You furiously retaliate!
You headbutt the fire bat.
The fire bat bites you but does no damage.
Unknown command.
You are too injured to fight recklessly!
Unknown command.
You are too injured to fight recklessly!
You hit the fire bat.
The fire bat is moderately wounded.
You are engulfed in blazing flames.
* * * LOW HITPOINT WARNING * * *
The fire bat bites you but does no damage.
The fire bat closely misses you. You furiously retaliate!
You headbutt the fire bat, but do no damage.
Unknown command.
Unknown command.
You are engulfed in blazing flames.
You die...

##....#.....#
###.##.###.©.##
#.....###########
#.....#°○°?©=°○°#
#.....#☼°○$($☼°☼#
#.....#○°°.b.°☼°#
######.....#○☼°○○○○°°#
#......†...#○○°○○b.☼○#
..##.......####☼@☼####
.###.#.###..#☼○...°°#
.......# #..#°°#.#☼○#
.(###.## #..#☼°...°○#
......# #..#☼.#©#○°#
###..######.#○.☼°°.○#
# #..##.....#..○○○.°#
###....<....#########
................©..#


You could see 2 fire bats.

Vanquished Creatures
  Pikel (D:3)
  Grinder (D:3)
  2 black bears
  4 lemures
  A kobold brigand (D:4)
  A hound skeleton (D:4)
  2 adders (D:3)
  A worm (D:2)
  4 dart slugs
  An orc (D:3)
  9 endoplasms
  4 giant cockroaches
  6 goblins
  10 hobgoblins
  A jackal (D:1)
  6 kobolds
  5 quokkas
  10 ball pythons
  10 bats
  8 rats
87 creatures vanquished.

Notes
Turn   | Place    | Note
-------+----------+-------------------------------------------
     0 | D:1      | heikuro the Minotaur Fighter began the quest for the Orb.
     0 | D:1      | Reached XP level 1. HP: 19/19 MP: 0/0
    33 | D:1      | Reached XP level 2. HP: 27/27 MP: 1/1
    56 | D:1      | Reached skill level 3 in Axes
   133 | D:1      | Found Vigeb's Magic Scroll Boutique.
   647 | D:1      | Reached XP level 3. HP: 33/33 MP: 2/2
  1486 | D:2      | Found a glowing golden altar of the Shining One.
  1511 | D:2      | Became a worshipper of the Shining One
  2147 | D:3      | Reached XP level 4. HP: 39/40 MP: 3/3
  2245 | D:3      | Reached skill level 4 in Axes
  2409 | D:3      | Found a faded altar of an unknown god.
  2628 | D:4      | Noticed a black bear
  2661 | D:4      | Reached skill level 1 in Dodging
  2687 | D:4      | Noticed a black bear
  2691 | D:4      | Found a staircase to the Ecumenical Temple.
  2706 | D:3      | Killed a black bear
  2707 | D:3      | Reached skill level 1 in Invocations
  2707 | D:3      | Reached XP level 5. HP: 25/47 MP: 4/4
  2859 | D:4      | Killed a black bear
  2860 | D:4      | Reached skill level 5 in Axes
  2860 | D:4      | Reached XP level 6. HP: 50/53 MP: 4/6
  3151 | D:4      | Noticed Pikel
  3409 | D:4      | Noticed Grinder
  3418 | D:3      | Killed Grinder
  3419 | D:3      | Reached skill level 5 in Fighting
  3419 | D:3      | Reached skill level 6 in Axes
  3419 | D:3      | Reached skill level 5 in Armour
  3419 | D:3      | Reached XP level 7. HP: 41/61 MP: 7/7
  3543 | D:3      | Killed Pikel
  3544 | D:3      | Reached skill level 7 in Axes
  3851 | Temple   | Entered the Ecumenical Temple
  4154 | D:4      | Reached XP level 8. HP: 70/70 MP: 9/9
  4185 | D:4      | Found a transporter.
  4216 | D:4      | Found a transporter.
  4232 | D:4      | HP: 2/70 [something (18)]
  4233 | D:4      | Engulfed by a cloud of flame

Illustrated notes

Levels and vault maps discovered:
D:1:      onia_arrival_handbag, layout_loops_ring, serial_shops, shop,
          minmay_pentomino_v4
D:2:      minmay_chambers_of_twos, layout_loops_corners, basic_altar
D:3:      layout_rooms, dilly_ecumenical_altar_fadedgnrine
D:4:      gammafunk_cloud_chamber, layout_rooms, mainiacjoe_overflow_alcove_1,
          temple_statues, uniq_pikel, uniq_grinder
Temple:   dpeg_chambers_temple

Skill      XL: |  1  2  3  4  5  6  7 |
---------------+----------------------+-----
Axes           | 3 4 5 6 7 |  7.3
Armour         | 4 5 |  5.9
Shields        | 4 |  4.0
Fighting       | 4 5 6 |  6.0
Dodging        | 1 2 |  2.0
Invocations    | 1 2 3 |  3.3

Action                   |  1- 3 |  4- 6 |  7- 9 || total
-------------------------+-------+-------+-------++-------
Melee: War axe           |   122 |    70 |    14 ||   206
       Headbutt          |    11 |    10 |     3 ||    24
  Use: Potion            |       |     1 |       ||     1
Armor: Scale mail        |     3 |       |       ||     3
       Chain mail        |    36 |       |       ||    36
       Leather armour    |    23 |    25 |     5 ||    53
Dodge: Dodged            |    70 |    51 |     7 ||   128
Block: Buckler           |    23 |    14 |     1 ||    38

Table legend: (Time is in decaauts)
 A = Elapsed time spent in this place.
 B = Non-inter-level travel time spent in this place.
 C = Inter-level travel time spent in this place.
 D = Time resting spent in this place.
 E = Time spent auto-exploring this place.
 F = Levels seen in this place.
 G = Mean time per level.
                   A        B        C        D        E       F      G
               +--------+--------+--------+--------+--------+-----+--------+
         Total |   4300 |   4150 |    150 |    999 |   2337 |   5 |  860.0 |
       Dungeon |   4035 |   3904 |    131 |    999 |   2105 |   4 | 1008.8 |
        Temple |    264 |    245 |     19 |      0 |    232 |   1 |  264.0 |
               +--------+--------+--------+--------+--------+-----+--------+

Top non-repeatable levels by time:
     D:3: 1506 daAuts
     D:2: 1175 daAuts
     D:1: 999 daAuts
     D:4: 353 daAuts
  Temple: 264 daAuts
